Map: Ultralove

Players

llllllllllll - Winner!

  • Race: Zerg Zerg
  • League: Gold
  • Spawn Location: 7:00

熠笙

  • Race: Protoss Protoss
  • Spawn Location: 1:00

VOD

Have the link to the VOD?

Description

Time

  • Played on: April 24, 2025, 10:40 a.m.
  • Length: 2:06
Show
View Real Time Build Order
Export as new Build Order

llllllllllll Zerg - Winner!

Build Orders: Pool Only 

Get SALT Encoding   

  12  0:18  Spawning Pool  
  11  0:21  Drone  
  11  0:26  Drone  
  13  0:30  Drone  
  14  0:39  Overlord  
  14  1:04  Zergling x2  
  14  1:05  Zergling x4  
  17  1:16  Zergling x2  
  18  1:27  Zergling x2  
  19  1:38  Zergling x2  
  20  1:47  Zergling x2  
Show
View Real Time Build Order
Export as new Build Order

熠笙 Protoss 

Build Orders:  

Get SALT Encoding   

  12  0:00  Probe  
  13  0:17  Probe  
  13  0:19  Pylon  
  14  0:30  Probe  
  15  0:37  Gateway  
  15  0:40  Probe  
  16  0:47  Assimilator  
  16  0:48  Probe  
  17  1:00  Probe  
  18  1:14  Pylon  
  18  1:18  Zealot  
  18  1:25  Cybernetics Core  
  20  1:36  Gateway  
Tags
 
League
Gold
Matchup
PvZ
Opening
Pool Only
Replay Pack
kreditionep1
Spawn Locations
Cross Positions
Add a new tag
Caveats
  • Supply blocks, unpowered buildings, or Contaminate may cause inaccurate times.
  • Supply counts are checked every 10 seconds.